 Dungeon Crawl Stone Soup version 0.13-a0-2202-g857913d (webtiles) character file.

204 Kae the Cudgeler (level 4, -3/40 HPs)
             Began as a Minotaur Berserker on July 2, 2013.
             Was a Believer of Trog.
             Slain by an orc wizard
             ... wielding a -1,+1 orcish hammer
              (4 damage)
             ... on Level 3 of the Dungeon.
             The game lasted 00:01:14 (1989 turns).

Kae the Cudgeler (Minotaur Berserker)               Turns: 1989, Time: 00:01:15

HP  -3/40        AC  3     Str 22      XL: 4   Next: 57%
MP   1/1         EV 12     Int  4      God: Trog [**....]
Gold 97          SH  0     Dex 10      Spells:  0 memorised,  3 levels left

Res.Fire  : . . .   See Invis. : .   a - +0 mace
Res.Cold  : . . .   Warding    : .   b - +0 animal skin
Life Prot.: . . .   Conserve   : .   (no shield)
Res.Poison: .       Res.Corr.  : .   (helmet restricted)
Res.Elec. : .       Clarity    : .   (no cloak)
Sust.Abil.: . .     Spirit.Shd : .   (no gloves)
Res.Mut.  : .       Stasis     : .   l - +0 pair of boots
Res.Rott. : .       Flight     : .   (no amulet)
Saprovore : . . .                    (no ring)
                                     (no ring)

@: exhausted, slowed, very slow, slightly resistant to hostile enchantments,
unstealthy
A: retaliatory headbutt, horns 2
a: Burn Spellbooks, Berserk, Trog's Hand, Renounce Religion


You were on level 3 of the Dungeon.
You worshipped Trog.
Trog was greatly pleased with you.
You were very hungry.

You visited 1 branch of the dungeon, and saw 3 of its levels.

You collected 77 gold pieces.

Inventory:

Hand weapons
 a - a +0,+0 mace (weapon)
Armour
 b - a +0 animal skin (worn)
 l - a +0 pair of boots (worn)
Magical devices
 o - a wand of enslavement (11) {unknown}
Comestibles
 c - a bread ration
 k - a pear
 m - a choko
 n - 2 meat rations
Scrolls
 d - a scroll of random uselessness {unknown}
 e - a scroll of identify {unknown}
 h - a scroll of fear {unknown}
 i - a scroll of enchant armour {unknown}
 j - a scroll of teleportation {unknown}
 q - a scroll of curse jewellery {unknown}
 s - a scroll of noise {unknown}
Jewellery
 r - an uncursed ring of wizardry {unknown}
Potions
 f - 2 potions of curing
 g - 3 potions of heal wounds {unknown}


   Skills:
 + Level 4.2 Fighting
 * Level 4.7 Maces & Flails
 + Level 3.7 Armour
 + Level 3.1 Dodging


You had 3 spell levels left.
You didn't know any spells.

Dungeon Overview and Level Annotations

Branches:
Dungeon (3/27)

Altars:
Nemelex Xobeh
Xom


Innate Abilities, Weirdness & Mutations

You reflexively headbutt those who attack you in melee.
You have a pair of horns on your head.


Message History

The orc wizard barely misses you.
Drink which item? (? for menu, Esc to quit)
You feel better. The orc wizard misses you.
The orc wizard hits you but does no damage.
You hit the orc wizard.
The orc wizard is severely wounded.
The orc wizard hits you with an orcish hammer.
The orc wizard misses you.
You barely miss the orc wizard.
The orc wizard is severely wounded.
The orc wizard closely misses you.
The orc wizard hits you with an orcish hammer.
* * * LOW HITPOINT WARNING * * *
You hit the orc wizard but do no damage.
The orc wizard is severely wounded.
The orc wizard gestures at you while chanting.
The magic dart hits you!
* * * LOW HITPOINT WARNING * * *
The orc wizard hits you with an orcish hammer.
You die... ... .#..# ......... #.#..# ........... ..(.... ......... ........ ....... #...... ..... #...... .oo

#...... #o# #.....< #@# #
##...... #.# ....##......
.... #.# #....#####.##
.....##.####............
#..........##....##......
..>.............##...###
..........###.......##.#
..........###...#..##...
.................##^._.


You could see an orc wizard and 2 orcs.

Vanquished Creatures
  An orc priest (D:3)
  2 adders
  A worm (D:2)
  A giant gecko (D:1)
  An ooze (D:1)
  5 orcs (D:3)
  4 giant cockroaches
  A goblin (D:2)
  6 hobgoblins
  2 quokkas (D:2)
  6 bats
  3 giant newts
  4 kobolds
  8 rats
45 creatures vanquished.

Notes
Turn   | Place    | Note
--------------------------------------------------------------
     0 | D:1      | Kae, the Minotaur Berserker, began the quest for the Orb.
     0 | D:1      | Reached XP level 1. HP: 19/19 MP: 0/0
   637 | D:1      | Reached XP level 2. HP: 21/26 MP: 0/0
   676 | D:1      | Reached skill level 4 in Maces & Flails
  1201 | D:2      | Acquired Trog's second power
  1243 | D:2      | Reached XP level 3. HP: 22/33 MP: 1/1
  1452 | D:2      | Found a shimmering altar of Xom.
  1472 | D:2      | Found a shimmering altar of Xom.
  1472 | D:2      | Found a shimmering altar of Xom.
  1472 | D:2      | Found a shimmering altar of Xom.
  1473 | D:2      | Found a shimmering altar of Xom.
  1473 | D:2      | Found a shimmering altar of Xom.
  1914 | D:3      | Found a sparkling altar of Nemelex Xobeh.
  1968 | D:3      | Reached XP level 4. HP: 31/40 MP: 1/1
  1989 | D:3      | HP: 1/40 [orc wizard/magic dart (11)]
  1989 | D:3      | Slain by an orc wizard

Action                   |  1- 3 |  4- 6 || total
-------------------------+-------+-------++-------
Melee: Mace              |    95 |    19 ||   114
Invok: Berserk           |     1 |       ||     1
       Trog's Hand       |     1 |       ||     1
  Use: Potion            |       |     2 ||     2
